 Dungeon Crawl Stone Soup version 0.29.1-12-g30fa7ad0bf (webtiles) character file.

Game seed: 7447600191793717141

93 MisterFreud the Covert (level 4, -2/41 HPs)
             Began as a Gnoll Delver on Dec 29, 2022.
             Was a Follower of Yredelemnul.
             Slain by a gnoll
             ... wielding a +0 halberd
              (13 damage)
             ... on level 3 of the Dungeon.
             The game lasted 00:01:29 (845 turns).

MisterFreud the Covert (Gnoll Delver)                Turns: 845, Time: 00:01:30

Health: -2/41      AC:  3    Str: 11    XL:     4   Next: 62%
Magic:  5/5        EV: 13    Int: 12    God:    Yredelemnul [*.....]
Gold:   87         SH:  0    Dex: 13    Spells: 5/5 levels left

rFire   . . .      SeeInvis .   a - +0 short sword
rCold   . . .      Faith    .   (no shield)
rNeg    . . .      Spirit   .   b - +0 leather armour
rPois   .          Reflect  .   (no helmet)
rElec   .          Harm     .   (no cloak)
rCorr   .          Rampage  .   (no gloves)
Will    .....                   (no boots)
Stlth   ++++......              (no amulet)
HPRegen 0.13/turn               (no ring)
MPRegen 0.09/turn               (no ring)

@: no status effects
A: fangs 1, strong nose, distributed training
a: Renounce Religion, Recall Undead Harvest


You were on level 3 of the Dungeon.
You worshipped Yredelemnul.
Yredelemnul was noncommittal.
You visited 2 branches of the dungeon, and saw 5 of its levels.

You collected 87 gold pieces.

Inventory:

Hand Weapons
 a - a +0 short sword (weapon)
Missiles
 l - 4 poisoned darts (quivered)
Armour
 b - a +0 leather armour (worn)
Jewellery
 i - a ring of ice
Wands
 g - a wand of digging (3)
 j - a wand of charming (4)
Scrolls
 c - a scroll of fog
 d - a scroll of magic mapping
 e - a scroll of fear
 h - a scroll of amnesia {unknown}
Potions
 f - 2 potions of haste
 k - a potion of lignification {unknown}
 m - a potion of heal wounds {unknown}
 n - a potion of degeneration {unknown}


   Skills:
 + Level 6.6 Fighting
 + Level 4.7 Short Blades
 + Level 1.2 Long Blades
 + Level 1.2 Axes
 + Level 1.2 Maces & Flails
 + Level 1.2 Polearms
 + Level 1.2 Staves
 + Level 1.2 Ranged Weapons
 + Level 1.2 Throwing
 + Level 1.2 Armour
 + Level 4.7 Dodging
 + Level 9.6 Stealth
 + Level 1.2 Shields
 + Level 1.2 Unarmed Combat
 + Level 1.2 Spellcasting
 + Level 1.0 Conjurations
 + Level 1.0 Hexes
 + Level 1.0 Summonings
 + Level 1.0 Necromancy
 + Level 1.0 Translocations
 + Level 1.0 Transmutations
 + Level 1.0 Fire Magic
 + Level 1.0 Ice Magic
 + Level 1.0 Air Magic
 + Level 1.0 Earth Magic
 + Level 1.0 Poison Magic
 + Level 1.3 Invocations
 + Level 1.2 Evocations


You had 5 spell levels left.
You didn't know any spells.
Your spell library contained the following spells:

 Spells                   Type           Power      Damage    Failure   Level
 Shock                    Conj/Air       12%        1d3       26%         1
 Swiftness                Air            3%         N/A       58%         3
 Airstrike                Air            1%         2d(1-17)  94%         4


Dungeon Overview and Level Annotations

Branches:
Dungeon (6/15)             Temple (1/1) D:4

Altars:
Ashenzari
Dithmenos
Gozag
Kikubaaqudgha
Makhleb
Nemelex Xobeh
Qazlal
Sif Muna
Trog
Yredelemnul
The Shining One

Shops:
D:3 [


Innate Abilities, Weirdness & Mutations

You have very sharp teeth.
Your uncanny sense of smell can sniff out nearby items.
Your experience applies equally to all skills.


Message History

Unknown command.
You hit the gnoll but do no damage.
The gnoll is moderately wounded.
You hit the gnoll but do no damage. You bite the gnoll.
The gnoll is heavily wounded.
Your jackal zombie bites the gnoll but does no damage.
The gnoll closely misses you. x2
The gnoll hits your endoplasm zombie with a +0 whip.
Your endoplasm zombie closely misses the gnoll.
Unknown command.
Unknown command.
You barely miss the gnoll. Your bite misses the gnoll.
The gnoll is moderately wounded.
Your adder zombie closely misses the gnoll.
Your jackal zombie closely misses the gnoll.
The gnoll completely misses you. x2
The gnoll hits your endoplasm zombie with a +0 whip.
Your endoplasm zombie is destroyed!
The gnoll shouts!
You barely miss the gnoll.
The gnoll is moderately wounded.
Your jackal zombie bites the gnoll but does no damage.
Your adder zombie barely misses the gnoll.
The gnoll closely misses you. x2
The gnoll hits your jackal zombie with a +0 whip.
Your jackal zombie is destroyed!
You hit the gnoll but do no damage.
The gnoll is moderately wounded.
Your adder zombie bites the gnoll.
The gnoll hits your jackal zombie with a +0 whip.
Your jackal zombie is destroyed!
The gnoll barely misses you. The gnoll hits you with a +0 flail!
* * * LOW HITPOINT WARNING * * *
Unknown command.
You hit the gnoll.
The gnoll is heavily wounded.
The gnoll closely misses your adder zombie.
The gnoll barely misses you. The gnoll hits you with a +0 halberd!
You die...
Your body rises from the dead as a mindless zombie.

#....## #.....##
.......# ......##
#......## #ow)....#
#gg...... ......
#@Zg....## ##.....
#ZZ......###......
#.........#.......
##........###......
#.$........#.......
###.....)............
#....................
#.#..................
#.#.#######)##..##..#


You could see 3 gnolls, a dart slug, an orc, a friendly adder zombie, a friendly
gnoll zombie and a friendly kobold zombie.

Vanquished Creatures
  A hound (D:5)
  Ijyb (D:4)
  A gnoll (D:3)
  2 adders
  A bat (D:3)
  2 endoplasms
  2 jackals (D:3)
  A frilled lizard (D:3)
  A kobold (D:3)
12 creatures vanquished.

Vanquished Creatures (others)
  An endoplasm zombie (D:3)
  2 jackal zombies (D:3)
  3 plants (D:3)
6 creatures vanquished.

Grand Total: 18 creatures vanquished

Notes
Turn   | Place    | Note
-------+----------+-------------------------------------------
     0 | D:5      | Reached skill level 9 in Stealth
     0 | D:5      | MisterFreud the Gnoll Delver began the quest for the Orb.
     0 | D:5      | Reached XP level 1. HP: 23/23 MP: 1/1
    45 | D:5      | Reached XP level 2. HP: 29/29 MP: 2/2
   101 | D:5      | Reached skill level 1 in Invocations
   101 | D:5      | Reached XP level 3. HP: 15/35 MP: 2/4
   303 | D:4      | Found a staircase to the Ecumenical Temple.
   304 | D:4      | Noticed Ijyb
   314 | D:4      | Killed Ijyb
   315 | D:4      | Reached skill level 1 in Long Blades
   315 | D:4      | Reached skill level 1 in Axes
   315 | D:4      | Reached skill level 1 in Maces & Flails
   315 | D:4      | Reached skill level 1 in Polearms
   315 | D:4      | Reached skill level 1 in Staves
   315 | D:4      | Reached skill level 1 in Ranged Weapons
   315 | D:4      | Reached skill level 1 in Throwing
   315 | D:4      | Reached skill level 1 in Armour
   315 | D:4      | Reached skill level 1 in Shields
   315 | D:4      | Reached skill level 1 in Unarmed Combat
   315 | D:4      | Reached skill level 1 in Spellcasting
   315 | D:4      | Reached skill level 1 in Evocations
   315 | D:4      | Reached XP level 4. HP: 34/41 MP: 5/5
   326 | Temple   | Entered the Ecumenical Temple
   503 | Temple   | Became a worshipper of Yredelemnul the Dark
   754 | D:3      | Found Axzacot's Antique Armour Shoppe.
   761 | D:3      | Reached skill level 1 in Conjurations
   761 | D:3      | Reached skill level 1 in Hexes
   761 | D:3      | Reached skill level 1 in Summonings
   761 | D:3      | Reached skill level 1 in Necromancy
   761 | D:3      | Reached skill level 1 in Translocations
   761 | D:3      | Reached skill level 1 in Transmutations
   761 | D:3      | Reached skill level 1 in Fire Magic
   761 | D:3      | Reached skill level 1 in Ice Magic
   761 | D:3      | Reached skill level 1 in Air Magic
   761 | D:3      | Reached skill level 1 in Earth Magic
   761 | D:3      | Reached skill level 1 in Poison Magic
   780 | D:3      | Reached * piety under Yredelemnul
   845 | D:3      | Slain by a gnoll

Illustrated notes

Levels and vault maps discovered:
D:3:      layout_basic, serial_shops, shop_coins, serial_bayou,
          serial_bayou_pond_e, serial_bayou_crossing, serial_bayou_lake_a,
          serial_bayou_pond_b, nicolae_figureground_pulse, uniq_sigmund
D:4:      layout_rooms, minmay_temple_entry_statues_pillars, uniq_ijyb
D:5:      layout_loops_ring, tgw_xom, zin_scriptorium, grunt_ministairs_2,
          uniq_crazy_yiuf_cottage, uniq_duvessa, uniq_edmund
D:6:      layout_loops_cross, general_overflow_altar, minmay_starry_boxes,
          uniq_grinder
Temple:   chequers_temple_sunken

Skill      XL: |  1  2  3  4 |
---------------+-------------+-----
Stealth        | |  9.6
Invocations    | 1 |  1.3
Long Blades    | 1 |  1.2
Axes           | 1 |  1.2
Maces & Flails | 1 |  1.2
Polearms       | 1 |  1.2
Staves         | 1 |  1.2
Ranged Weapons | 1 |  1.2
Throwing       | 1 |  1.2
Armour         | 1 |  1.2
Shields        | 1 |  1.2
Unarmed Combat | 1 |  1.2
Spellcasting   | 1 |  1.2
Evocations     | 1 |  1.2
Conjurations   | 1 |  1.0
Hexes          | 1 |  1.0
Summonings     | 1 |  1.0
Necromancy     | 1 |  1.0
Translocations | 1 |  1.0
Transmutations | 1 |  1.0
Fire Magic     | 1 |  1.0
Ice Magic      | 1 |  1.0
Air Magic      | 1 |  1.0
Earth Magic    | 1 |  1.0
Poison Magic   | 1 |  1.0
Fighting       | |  6.6
Short Blades   | |  4.7
Dodging        | |  4.7

Action                   |  1- 3 |  4- 6 || total
-------------------------+-------+-------++-------
Melee: Short sword       |    31 |    40 ||    71
       Bite              |     5 |     4 ||     9
       Punch             |       |     1 ||     1
 Stab: Sleeping          |     2 |     1 ||     3
Armor: Leather armour    |     3 |     6 ||     9
Dodge: Dodged            |    20 |    35 ||    55
